BSA
NEVADA NOISE @ NEW YORK KNIGHTS
05/12/2030
 
TOP OF THE 1ST
Nevada Noise batting - Pitching for New York Knights : LHP Leo Huggins
Pitching: LHP Leo Huggins
Batting: RHB Jim Tracy 0-0: Ball
1-0: Swinging Strike
1-1: Foul Ball, location: 2F
1-2: Foul Ball, location: 2F
1-2: Foul Ball, location: 2F
1-2: SINGLE (Flyball, 8LS)
Batting: RHB Iván Gonzáles 0-0: Called Strike
0-1: Ball
1-1: 2-RUN HOME RUN (Flyball, 7D), Distance : 377 ft
Batting: RHB Fernando Gálvez 0-0: SINGLE (Groundball, 6S) (infield hit)
Batting: RHB José Aguilera 0-0: Ball
1-0: Foul Ball, location: 2F
1-1: Ball
2-1: Swinging Strike
2-2: Grounds into double play, 4-6-3 (Groundball, 4)
Batting: RHB Luis Cruz 0-0: Foul Ball, location: 2F
0-1: Ball
1-1: Ball
2-1: Fly out, F9 (Flyball, 9LD)
Top of the 1st over - 2 runs, 3 hits, 0 errors, 0 left on base; Nevada 2 - New York 0
BOTTOM OF THE 1ST
New York Knights batting - Pitching for Nevada Noise : RHP Daniel Grant
Pitching: RHP Daniel Grant
Batting: RHB Robert Downing 0-0: Ground out 5-3 (Groundball, 56S)
Batting: LHB Bill McCraney 0-0: Called Strike
0-1: DOUBLE (Line Drive, 7LS)
Batting: SHB Mark Wells 0-0: Ball
1-0: Swinging Strike
1-1: Ball
2-1: Fly out, F2 (Popup, 25F)
Batting: RHB Vic Langlois 0-0: Ground out 4-3 (Groundball, 4M)
Bottom of the 1st over - 0 runs, 1 hit, 0 errors, 1 left on base; Nevada 2 - New York 0
TOP OF THE 2ND
Nevada Noise batting - Pitching for New York Knights : LHP Leo Huggins
Batting: RHB Doug Brown 0-0: Swinging Strike
0-1: Ground out 5-3 (Groundball, 56S)
Batting: SHB Nate Rhodes 0-0: Called Strike
0-1: Ball
1-1: Foul Ball, location: 2F
1-2: Strikes out swinging
Batting: LHB Milton Watson 0-0: Called Strike
0-1: Ball
1-1: Foul Ball, location: 2F
1-2: Strikes out looking
Top of the 2nd over - 0 runs, 0 hits, 0 errors, 0 left on base; Nevada 2 - New York 0
BOTTOM OF THE 2ND
New York Knights batting - Pitching for Nevada Noise : RHP Daniel Grant
Batting: LHB José Peralta 0-0: Ball
1-0: Ball
2-0: SINGLE (Groundball, 6S) (infield hit)
Batting: RHB Alberto Hernández 0-0: Ball
Wild Pitch!
José Peralta to second
1-0: Fly out, F9 (Flyball, 9D)
Runner from 2nd tags up, SAFE at 3rd, no throw
Batting: RHB Jackson Gibson 0-0: Ball
1-0: Ball
2-0: Ball
3-0: Base on Balls
Batting: LHB Sixto Cortés 0-0: Called Strike
Jackson Gibson steals 2nd base
0-1: Fly out, F8 (Flyball, 8RM)
Runner from 3rd tags up, OUT at HOME
Bottom of the 2nd over - 0 runs, 1 hit, 0 errors, 1 left on base; Nevada 2 - New York 0
TOP OF THE 3RD
Nevada Noise batting - Pitching for New York Knights : LHP Leo Huggins
Batting: LHB Richard Hinkle 0-0: Called Strike
0-1: Called Strike
0-2: Strikes out swinging
Batting: RHB Jim Tracy 0-0: Ball
1-0: Called Strike
1-1: Foul Ball, location: 2F
1-2: SINGLE (Line Drive, 8RS)
Batting: RHB Iván Gonzáles 0-0: Ball
1-0: Foul Ball, location: 2F
1-1: SINGLE (Line Drive, 9S)
Jim Tracy to second
Batting: RHB Fernando Gálvez 0-0: Ground out 6-3 (Groundball, 6S)
Jim Tracy to third
Iván Gonzáles to second
Batting: RHB José Aguilera 0-0: Ball
1-0: Swinging Strike
1-1: Foul Ball, location: 2F
1-2: Ball
2-2: Ball
3-2: Ground out 4-3 (Groundball, 4)
Top of the 3rd over - 0 runs, 2 hits, 0 errors, 2 left on base; Nevada 2 - New York 0
BOTTOM OF THE 3RD
New York Knights batting - Pitching for Nevada Noise : RHP Daniel Grant
Batting: LHB Bernardo Rodríguez 0-0: Ball
1-0: Fly out, F7 (Flyball, 78S)
Batting: RHB Robert Downing 0-0: Swinging Strike
0-1: Reached on error, E4 (Groundball, 4S)
Batting: LHB Bill McCraney 0-0: Ball
1-0: Foul Ball, location: 2F
1-1: Ball
2-1: Foul Ball, location: 2F
2-2: Foul Ball, location: 2F
2-2: Grounds into double play, 4-6-3 (Groundball, 4)
Bottom of the 3rd over - 0 runs, 0 hits, 1 error, 0 left on base; Nevada 2 - New York 0
TOP OF THE 4TH
Nevada Noise batting - Pitching for New York Knights : LHP Leo Huggins
Batting: RHB Luis Cruz 0-0: Ball
1-0: Swinging Strike
1-1: Ball
2-1: Foul Ball, location: 2F
2-2: Foul Ball, location: 2F
2-2: Foul Ball, location: 2F
2-2: Strikes out swinging
Batting: RHB Doug Brown 0-0: Swinging Strike
0-1: SINGLE (Line Drive, 78S)
Batting: SHB Nate Rhodes 0-0: Fly out, F4 (Line Drive, 4)
Batting: LHB Milton Watson 0-0: Ball
1-0: Foul Ball, location: 2F
1-1: Ball
2-1: Fielders Choice at 2nd, 6-4 (Groundball, 6)
Top of the 4th over - 0 runs, 1 hit, 0 errors, 1 left on base; Nevada 2 - New York 0
BOTTOM OF THE 4TH
New York Knights batting - Pitching for Nevada Noise : RHP Daniel Grant
Batting: SHB Mark Wells 0-0: Ball
1-0: Foul Ball, location: 2F
1-1: DOUBLE (Line Drive, 9LM)
Batting: RHB Vic Langlois 0-0: Swinging Strike
0-1: Called Strike
0-2: Strikes out swinging
Batting: LHB José Peralta 0-0: Ball
1-0: Fly out, F6 (Popup, 6M)
Batting: RHB Alberto Hernández 0-0: Called Strike
0-1: Foul Ball, location: 2F
0-2: Strikes out swinging
Bottom of the 4th over - 0 runs, 1 hit, 0 errors, 1 left on base; Nevada 2 - New York 0
TOP OF THE 5TH
Nevada Noise batting - Pitching for New York Knights : LHP Leo Huggins
Batting: LHB Richard Hinkle 0-0: Foul Ball, location: 2F
0-1: Foul Ball, location: 2F
0-2: Ball
1-2: Ball
2-2: Ball
3-2: Strikes out swinging
Batting: RHB Jim Tracy 0-0: Foul Ball, location: 2F
0-1: Ball
1-1: Foul Ball, location: 2F
1-2: Foul Ball, location: 2F
1-2: Ball
2-2: Ball
3-2: SINGLE (Line Drive, 5)
Batting: RHB Iván Gonzáles 0-0: Ball
1-0: Ball
2-0: Swinging Strike
2-1: Called Strike
2-2: SINGLE (Line Drive, 9LM)
Jim Tracy to second
Runner from 2nd tries for 3rd, SAFE, no throw
Batting: RHB Fernando Gálvez 0-0: Ball
1-0: Foul Ball, location: 2F
1-1: Ball
2-1: DOUBLE (Line Drive, 89S)
Jim Tracy scores
Iván Gonzáles to third
Batting: RHB José Aguilera 0-0: Called Strike
0-1: Ball
1-1: Ground out 3-1 (Groundball, 34S)
Batting: RHB Luis Cruz 0-0: Ball
1-0: DOUBLE (Groundball, 5L)
Iván Gonzáles scores
Fernando Gálvez scores
Batting: RHB Doug Brown 0-0: Swinging Strike
0-1: Called Strike
0-2: Ball
1-2: Foul Ball, location: 2F
1-2: 2-RUN HOME RUN (Flyball, 7LD), Distance : 351 ft
Batting: SHB Nate Rhodes 0-0: Ball
1-0: Called Strike
1-1: Swinging Strike
1-2: Ball
2-2: Ball
3-2: Foul Ball, location: 2F
3-2: Strikes out swinging
Top of the 5th over - 5 runs, 5 hits, 0 errors, 0 left on base; Nevada 7 - New York 0
BOTTOM OF THE 5TH
New York Knights batting - Pitching for Nevada Noise : RHP Daniel Grant
Batting: RHB Jackson Gibson 0-0: Ball
1-0: Called Strike
1-1: Called Strike
1-2: Strikes out swinging
Batting: LHB Sixto Cortés 0-0: Called Strike
0-1: Foul Ball, location: 2F
0-2: Ball
1-2: Ball
2-2: SINGLE (Groundball, 56D)
Batting: LHB Bernardo Rodríguez 0-0: Swinging Strike
0-1: Called Strike
0-2: Foul Ball, location: 2F
0-2: Foul Ball, location: 2F
0-2: Ball
1-2: Ball
2-2: Foul Ball, location: 2F
2-2: Fly out, F7 (Line Drive, 7)
Batting: RHB Robert Downing 0-0: Ball
Pickoff Throw to First - Error! E1
Sixto Cortés to second
1-0: Called Strike
1-1: Swinging Strike
1-2: Ball
2-2: Ball
3-2: Strikes out swinging
Bottom of the 5th over - 0 runs, 1 hit, 1 error, 1 left on base; Nevada 7 - New York 0
TOP OF THE 6TH
Nevada Noise batting - Pitching for New York Knights : LHP Leo Huggins
Batting: LHB Milton Watson 0-0: Ground out 6-3 (Groundball, 6)
Pitching: LHP Henny van der Lack
Batting: LHB Richard Hinkle 0-0: Ball
1-0: Swinging Strike
1-1: Called Strike
1-2: Ball
2-2: Ball
3-2: Foul Ball, location: 2F
3-2: Ground out 6-3 (Groundball, 6)
Batting: RHB Jim Tracy 0-0: Ball
1-0: Ball
2-0: Ball
3-0: Called Strike
3-1: Base on Balls
Batting: RHB Iván Gonzáles 0-0: Fly out, F4 (Popup, 4D)
Top of the 6th over - 0 runs, 0 hits, 0 errors, 1 left on base; Nevada 7 - New York 0
BOTTOM OF THE 6TH
New York Knights batting - Pitching for Nevada Noise : RHP Daniel Grant
Batting: LHB Bill McCraney 0-0: SINGLE (Groundball, 34S) (infield hit)
Batting: SHB Mark Wells 0-0: Fielders Choice at 2nd, 5-4 (Groundball, 5L)
Batting: RHB Vic Langlois 0-0: Called Strike
0-1: Called Strike
0-2: Foul Ball, location: 2F
0-2: Ball
1-2: Foul Ball, location: 2F
1-2: Foul Ball, location: 2F
1-2: Strikes out swinging
Batting: LHB José Peralta 0-0: Foul Ball, location: 2F
0-1: Called Strike
Mark Wells steals 2nd base
0-2: Ball
1-2: SINGLE (Groundball, 34D)
Mark Wells to third
Runner from 3rd tries for Home, SAFE, throw made home
Batting: RHB Alberto Hernández 0-0: Fly out, F9 (Flyball, 9S)
Bottom of the 6th over - 1 run, 2 hits, 0 errors, 1 left on base; Nevada 7 - New York 1
TOP OF THE 7TH
Nevada Noise batting - Pitching for New York Knights : LHP Henny van der Lack
Batting: RHB Fernando Gálvez 0-0: Reached on error, E1 (Groundball, 13S)
Batting: RHB José Aguilera 0-0: Fly out, F9 (Flyball, 89S)
Batting: RHB Luis Cruz 0-0: Fly out, F9 (Flyball, 9LD)
Runner from 2nd tags up, SAFE at 3rd, no throw
Batting: RHB Doug Brown 0-0: Ball
1-0: Called Strike
1-1: Ground out U3 (Groundball, 34S)
Top of the 7th over - 0 runs, 0 hits, 1 error, 1 left on base; Nevada 7 - New York 1
BOTTOM OF THE 7TH
New York Knights batting - Pitching for Nevada Noise : RHP Daniel Grant
Batting: RHB Jackson Gibson 0-0: Called Strike
0-1: DOUBLE (Line Drive, 9LM)
Batting: LHB Sixto Cortés 0-0: Ball
1-0: Called Strike
1-1: Ball
2-1: Ground out 4-3 (Groundball, 4)
Jackson Gibson to third
Batting: LHB Bernardo Rodríguez 0-0: Called Strike
0-1: Called Strike
0-2: Ball
1-2: SINGLE (Line Drive, 56)
Jackson Gibson scores
Batting: RHB Robert Downing 0-0: Ball
Bernardo Rodríguez steals 2nd base
1-0: Foul Ball, location: 2F
1-1: SINGLE (Groundball, 6MD)
Bernardo Rodríguez to third
Runner from 3rd tries for Home, SAFE, throw made home
Batting: LHB Bill McCraney 0-0: Ball
1-0: Ball
2-0: SINGLE (Groundball, 4MD)
Robert Downing to second
Pitching: RHP Arthur López
Batting: SHB Mark Wells 0-0: Called Strike
0-1: Ball
1-1: Called Strike
1-2: Ball
2-2: Ball
3-2: Foul Ball, location: 2F
3-2: Strikes out swinging
Batting: RHB Vic Langlois 0-0: Called Strike
0-1: Swinging Strike
Passed Ball!
Robert Downing to third
Bill McCraney to second
0-2: SINGLE (Flyball, 78M)
Robert Downing scores
Bill McCraney to third
Pitching: LHP Miguel Galván
Batting: LHB José Peralta 0-0: Ball
1-0: Foul Ball, location: 2F
1-1: Swinging Strike
1-2: Strikes out swinging
Bottom of the 7th over - 3 runs, 5 hits, 0 errors, 2 left on base; Nevada 7 - New York 4
TOP OF THE 8TH
Nevada Noise batting - Pitching for New York Knights : LHP Henny van der Lack
Batting: SHB Nate Rhodes 0-0: Ball
1-0: Ball
2-0: Ball
3-0: Called Strike
3-1: SINGLE (Flyball, 7LM)
Batting: LHB Milton Watson 0-0: Ball
1-0: Called Strike
1-1: Called Strike
1-2: Ball
2-2: DOUBLE (Groundball, 3L)
Nate Rhodes to third
Runner from 3rd tries for Home, SAFE, throw made at trailing runner, SAFE at third!
Batting: LHB Richard Hinkle 0-0: Ball
1-0: Ball
2-0: Foul Ball, location: 2F
2-1: Swinging Strike
2-2: Ball
3-2: Strikes out swinging
Batting: RHB Jim Tracy 0-0: Called Strike
0-1: Ball
1-1: Ball
2-1: Ball
3-1: Base on Balls
Batting: RHB Iván Gonzáles 0-0: SINGLE (Line Drive, 5)
Milton Watson scores
Jim Tracy to second
Batting: RHB Fernando Gálvez 0-0: SINGLE (Groundball, 4MD)
Jim Tracy to third
Iván Gonzáles to second
Runner from 3rd tries for Home, SAFE, throw made home
Pitching: RHP James Jones
Batting: RHB José Aguilera 0-0: Fly out, F8 (Flyball, 8LD)
Batting: RHB Luis Cruz 0-0: Ball
Wild Pitch!
Iván Gonzáles to third
Fernando Gálvez to second
1-0: Ball
2-0: Fly out, F3 (Popup, 34S)
Top of the 8th over - 3 runs, 4 hits, 0 errors, 2 left on base; Nevada 10 - New York 4
BOTTOM OF THE 8TH
New York Knights batting - Pitching for Nevada Noise : LHP Miguel Galván
Pitching: RHP Cliff Long
Batting: RHB Alberto Hernández 0-0: Called Strike
0-1: Ball
1-1: Foul Ball, location: 2F
1-2: Foul Ball, location: 2F
1-2: Ball
2-2: Strikes out swinging
Batting: RHB Jackson Gibson 0-0: Ball
1-0: Swinging Strike
1-1: Fly out, F7 (Flyball, 7)
Batting: LHB Sixto Cortés 0-0: Called Strike
0-1: Swinging Strike
0-2: Strikes out swinging
Bottom of the 8th over - 0 runs, 0 hits, 0 errors, 0 left on base; Nevada 10 - New York 4
TOP OF THE 9TH
Nevada Noise batting - Pitching for New York Knights : RHP James Jones
Batting: RHB Doug Brown 0-0: Ball
1-0: Called Strike
1-1: Ball
2-1: Called Strike
2-2: Ground out 5-3 (Groundball, 56S)
Batting: SHB Nate Rhodes 0-0: Swinging Strike
0-1: Ball
1-1: Foul Ball, location: 2F
1-2: Fly out, F3 (Popup, 3F)
Batting: LHB Milton Watson 0-0: Ball
1-0: Called Strike
1-1: Ball
2-1: Ground out 4-3 (Groundball, 34D)
Top of the 9th over - 0 runs, 0 hits, 0 errors, 0 left on base; Nevada 10 - New York 4
BOTTOM OF THE 9TH
New York Knights batting - Pitching for Nevada Noise : RHP Cliff Long
Batting: LHB Bernardo Rodríguez 0-0: Called Strike
0-1: Called Strike
0-2: Ball
1-2: Strikes out swinging
Batting: RHB Robert Downing 0-0: Ball
1-0: Reached on error, E5 (Groundball, 5)
Batting: LHB Bill McCraney 0-0: Ball
1-0: Foul Ball, location: 2F
1-1: Ball
2-1: Ball
3-1: Foul Ball, location: 2F
3-2: Base on Balls
Batting: SHB Mark Wells 0-0: Ball
1-0: Foul Ball, location: 2F
1-1: Ball
2-1: Ball
3-1: Fly out, F7 (Flyball, 7S)
Batting: RHB Vic Langlois 0-0: Fly out, F8 (Flyball, 78D)
Bottom of the 9th over - 0 runs, 0 hits, 1 error, 2 left on base; Nevada 10 - New York 4
Saturday, April 7th, 2018 - OOTP Baseball 18.8 Build 76